Map: [ESL] Gresvan

Players

Elazer - Winner!

  • Race: Zerg Zerg
  • Spawn Location: 5:00

herO

  • Race: Protoss Protoss
  • Spawn Location: 11:00

Event: IEM Katowice 2023

VOD

Have the link to the VOD?

Description

Time

  • Played on: Feb. 10, 2023, 1:09 p.m.
  • Length: 15:22

All games in this series

Show
View Real Time Build Order
Export as new Build Order

Elazer Zerg - Winner!

Build Orders: Hatch First 

Get SALT Encoding   

  12  0:00  Drone  
  13  0:12  Overlord  
  13  0:16  Drone  
  14  0:30  Drone x2  
  16  0:48  Hatchery  
  15  0:52  Drone  
  15  0:55  Drone  
  17  0:57  Drone  
  18  1:09  Extractor  
  17  1:15  Spawning Pool  
  16  1:19  Drone  
  16  1:20  Drone  
  18  1:28  Drone  
  19  1:41  Drone  
  20  1:51  Overlord  
  20  2:01  Queen x2  
  20  2:02  Zergling x2  
  20  2:03  Drone  
  26  2:12  Drone, Zergling x2  
  26  2:14  Metabolic Boost  
  30  2:22  Drone x2  
  30  2:36  Drone  
  31  2:44  Hatchery  
  31  2:46  Zergling x2  
  31  2:49  Queen  
  32  2:56  Overlord  
  32  2:57  Drone  
  33  3:02  Drone x2  
  34  3:11  Zergling x2  
  35  3:13  Queen  
  35  3:16  Zergling x2  
  35  3:17  Drone x3  
  41  3:28  Overlord  
  40  3:34  Drone x2  
  42  3:42  Drone  
  42  3:43  Drone  
  42  3:46  Overlord  
  44  3:53  Queen  
  46  3:56  Drone x3  
  46  3:58  Queen  
  46  4:01  Drone  
  50  4:06  Drone x2  
  50  4:08  Drone x2  
  54  4:11  Drone x2  
  54  4:16  Drone  
  57  4:17  Spore Crawler  
  57  4:20  Drone x2  
  57  4:23  Drone x3  
  61  4:26  Drone  
  62  4:32  Overlord, Queen  
  62  4:33  Zergling x2  
  62  4:35  Zergling x2  
  66  4:48  Overlord  
  66  4:52  Extractor  
  65  4:53  Drone x7, Roach Warren  
  65  4:56  Drone  
  72  5:02  Drone x2  
  74  5:07  Zergling x2  
  74  5:08  Zergling x2  
  74  5:13  Zergling x2  
  74  5:14  Zergling x4  
  79  5:16  Overlord  
  79  5:24  Drone x3  
  79  5:25  Extractor  
  79  5:26  Overlord x2  
  81  5:28  Extractor  
  81  5:29  Lair  
  81  5:33  Drone x2  
  81  5:37  Drone x3  
  81  5:39  Drone x5  
  89  5:44  Overlord  
  89  5:45  Overlord  
  89  5:46  Drone  
  89  5:48  Hatchery  
  89  5:51  Overlord  
  89  6:00  Extractor  
  89  6:02  Zergling x10  
  86  6:06  Overlord  
  86  6:07  Drone x4  
  87  6:14  Drone x4  
  87  6:16  Overlord  
  87  6:17  Overlord  
  91  6:22  Drone  
  91  6:23  Zergling x6  
  95  6:27  Evolution Chamber  
  95  6:29  Hydralisk Den, Zergling x2  
  94  6:36  Zergling x10  
  99  6:45  Queen  
  101  6:47  Overlord  
  101  6:52  Drone  
  99  6:54  Hatchery, Zerg Melee Weapons Level 1  
  98  7:01  Hydralisk x10, Muscular Augments  
  118  7:12  Hydralisk x4  
  118  7:15  Drone x4  
  130  7:19  Drone x4  
  133  7:25  Drone x2  
  133  7:29  Hydralisk  
  135  7:30  Hydralisk, Baneling Nest  
  135  7:34  Hydralisk x3  
  144  7:43  Hydralisk x2  
  145  7:44  Zergling x12  
  145  8:03  Zergling x24  
  149  8:10  Drone x2  
  149  8:11  Drone x4  
  152  8:13  Grooved Spines  
  152  8:14  Centrifugal Hooks  
  152  8:16  Overseer  
  152  8:19  Hydralisk x4  
  157  8:30  Hydralisk x3  
  157  8:34  Zergling x8  
  166  8:35  Overlord x4  
  166  8:37  Extractor  
  165  8:44  Overlord  
  165  8:50  Zerg Melee Weapons Level 2  
  165  8:53  Overlord, Hydralisk  
  165  8:54  Hydralisk, Zergling x2  
  165  8:55  Zergling x22  
  181  8:56  Baneling x4  
  181  9:02  Spore Crawler  
  181  9:03  Drone x2, Spine Crawler  
  181  9:05  Zergling x12  
  184  9:10  Zergling x8  
  184  9:16  Zergling x8  
  192  9:18  Baneling x7  
  192  9:29  Zergling x18  
  197  9:34  Baneling x18  
  197  9:41  Zergling x6  
  197  9:46  Baneling x7  
  194  9:59  Baneling x9  
  169  10:07  Zergling x38  
  169  10:08  Zergling x8  
  181  10:14  Zergling x4  
  182  10:27  Hydralisk x4  
  186  10:33  Zergling x18  
  195  10:42  Baneling x14  
  195  10:48  Drone x3  
  198  10:53  Baneling x9  
  194  11:05  Hatchery  
  194  11:06  Zerg Missile Weapons Level 1  
  177  11:13  Hydralisk x7  
  177  11:15  Zergling x16  
  177  11:16  Zergling x14  
  183  11:27  Zergling x24  
  183  11:31  Zergling x8  
  196  11:37  Hydralisk x3  
  189  11:42  Zergling x2  
  189  11:43  Zergling x6  
  186  11:49  Zergling x10  
  188  11:57  Baneling x14  
  188  11:58  Baneling x2  
  188  11:59  Zergling x6  
  174  12:08  Zergling x24  
  173  12:11  Baneling x8  
  173  12:13  Zergling x10  
  173  12:14  Zergling x4  
  186  12:16  Baneling x10  
  186  12:22  Zergling x10  
  185  12:24  Zergling x2  
  169  12:30  Hydralisk x4  
  169  12:35  Zergling x12  
  147  12:41  Hydralisk x4  
  132  12:50  Hydralisk x3  
  132  12:55  Hydralisk x2  
  131  12:59  Zergling x16  
  131  13:04  Hydralisk x3  
  144  13:09  Drone x2  
  145  13:17  Hydralisk  
  145  13:18  Hydralisk x3  
  145  13:19  Zergling x2  
  162  13:20  Overseer, Zergling x26  
  162  13:22  Extractor  
  162  13:23  Drone  
  162  13:24  Drone x2  
  169  13:30  Baneling x6  
  169  13:31  Baneling  
  169  13:32  Baneling  
  169  13:35  Zergling x12  
  169  13:39  Zergling x2  
  169  13:41  Baneling x4  
  171  13:49  Zergling x26  
  180  14:00  Zergling x12  
  181  14:05  Hydralisk x3  
  165  14:13  Hydralisk x6  
  165  14:16  Zergling x16  
  174  14:21  Zergling x2  
  174  14:22  Zergling x2  
  176  14:24  Baneling x10  
  176  14:32  Zergling x2  
  176  14:33  Zergling x10  
  180  14:40  Baneling  
  180  14:41  Baneling x11  
  180  14:43  Zergling x28  
  187  14:49  Zergling x6  
  187  14:50  Baneling x7  
  184  14:55  Baneling x3  
  184  14:59  Zergling x2  
  177  15:00  Zergling x10  
Show
View Real Time Build Order
Export as new Build Order

herO Protoss 

Build Orders: 1 Gate Expand, Oracle Opening 

Get SALT Encoding   

  12  0:00  Probe  
  13  0:14  Pylon  
  13  0:17  Probe (Chrono Boost)  
  14  0:26  Probe (Chrono Boost)  
  15  0:31  Probe (Chrono Boost)  
  16  0:38  Gateway  
  16  0:43  Probe  
  16  0:47  Assimilator  
  17  0:55  Probe  
  18  1:08  Probe  
  19  1:20  Probe  
  20  1:25  Cybernetics Core  
  20  1:35  Nexus  
  20  1:42  Pylon  
  20  1:44  Probe  
  21  1:49  Assimilator  
  21  1:56  Probe  
  21  1:59  Adept (Chrono Boost)  
  25  2:08  Probe  
  25  2:19  Adept (Chrono Boost)  
  25  2:20  Probe  
  28  2:24  Stargate  
  28  2:32  Pylon  
  28  2:35  Probe  
  29  2:41  Adept  
  31  2:48  Probe  
  31  2:49  Probe  
  33  3:00  Probe  
  33  3:02  Probe  
  35  3:06  Oracle (Chrono Boost)  
  35  3:11  Adept  
  35  3:12  Probe  
  41  3:13  Pylon  
  41  3:14  Probe  
  42  3:21  Gateway  
  42  3:26  Probe x2  
  44  3:37  Oracle (Chrono Boost)  
  44  3:38  Probe x2  
  49  3:46  Warp Gate  
  49  3:47  Adept  
  51  3:50  Pylon  
  51  3:52  Probe x2  
  53  4:04  Probe  
  53  4:08  Probe  
  55  4:10  Nexus  
  55  4:12  Oracle (Chrono Boost)  
  58  4:21  Probe x2  
  58  4:24  Assimilator  
  60  4:26  Assimilator  
  60  4:28  Shield Battery  
  60  4:32  Pylon  
  60  4:36  Probe x2  
  62  4:42  Twilight Council  
  62  4:45  Forge  
  62  4:50  Probe x2  
  64  4:53  Adept x2  
  68  5:03  Probe x2  
  70  5:08  Protoss Ground Weapons Level 1 (Chrono Boost)  
  70  5:09  Pylon  
  70  5:17  Blink (Chrono Boost)  
  70  5:22  Probe x2  
  70  5:26  Probe (Chrono Boost)  
  71  5:37  Probe x2 (Chrono Boost)  
  71  5:38  Probe (Chrono Boost), Stalker x2  
  78  5:46  Probe x3 (Chrono Boost)  
  78  5:47  Gateway  
  78  5:49  Gateway  
  81  5:51  Pylon, Probe  
  81  5:52  Gateway  
  81  5:53  Probe  
  81  5:54  Probe  
  84  6:03  Probe  
  85  6:08  Probe x2, Stalker x2  
  91  6:13  Gateway  
  91  6:15  Gateway  
  91  6:16  Probe  
  91  6:17  Gateway  
  92  6:19  Photon Cannon  
  92  6:21  Pylon  
  92  6:34  Nexus  
  92  6:36  Pylon  
  92  6:39  Pylon  
  92  6:40  Stalker x2  
  92  6:46  Forge  
  96  6:50  Probe  
  96  6:51  Probe x2  
  99  6:57  Shield Battery  
  99  7:00  Photon Cannon  
  99  7:03  Protoss Ground Weapons Level 2 (Chrono Boost)  
  99  7:05  Probe x3  
  102  7:09  Stalker  
  102  7:10  Stalker x2  
  102  7:11  Charge  
  108  7:16  Stalker x2  
  112  7:24  Stalker x3  
  112  7:26  Protoss Ground Armor Level 1 (Chrono Boost)  
  112  7:28  Probe x2  
  112  7:29  Probe  
  121  7:38  Pylon x2  
  121  7:47  Assimilator  
  121  7:48  Probe x4  
  121  7:50  Assimilator  
  125  7:58  Templar Archives  
  123  7:59  Gateway x2  
  123  8:02  Stalker x5  
  127  8:06  Probe x4  
  127  8:12  Stalker x2  
  131  8:16  Psionic Storm  
  131  8:17  Pylon  
  131  8:19  Photon Cannon  
  131  8:20  Stalker  
  131  8:21  Photon Cannon  
  132  8:33  Nexus  
  132  8:34  Pylon  
  132  8:37  High Templar x2  
  136  8:44  High Templar  
  136  8:47  High Templar, Photon Cannon  
  140  8:48  Photon Cannon  
  140  8:49  Shield Battery  
  140  8:53  Pylon  
  140  8:54  Photon Cannon  
  140  8:55  Photon Cannon  
  140  8:56  Shield Battery  
  140  9:03  Assimilator  
  140  9:05  Assimilator  
  140  9:12  Probe  
  140  9:13  Probe x2  
  140  9:15  Protoss Ground Weapons Level 3 (Chrono Boost)  
  140  9:16  Protoss Ground Armor Level 2 (Chrono Boost), Photon Cannon  
  143  9:17  Shield Battery  
  143  9:19  Photon Cannon  
  143  9:20  Pylon  
  143  9:23  Protoss Air Weapons Level 1  
  143  9:25  Stalker x2  
  143  9:30  Zealot x3  
  153  9:37  Zealot x4  
  157  9:56  Zealot x4  
  157  9:57  Zealot x2, Stalker  
  161  10:02  Stalker  
  161  10:03  Stalker x2  
  153  10:09  Probe x5  
  153  10:12  Archon  
  141  10:21  Probe x5  
  141  10:25  High Templar  
  141  10:26  High Templar x3  
  141  10:27  Zealot x5  
  161  10:33  Photon Cannon, Probe x4  
  161  10:34  Probe  
  166  10:37  Gateway  
  166  10:45  Probe x3  
  166  10:46  Assimilator, Probe x2  
  166  10:47  Assimilator  
  166  10:49  Stargate  
  171  10:56  Photon Cannon  
  170  10:57  High Templar  
  172  11:10  Probe x4  
  162  11:21  Archon x2  
  162  11:22  Stalker x6  
  164  11:27  Probe  
  164  11:29  Probe x3  
  164  11:32  Photon Cannon  
  149  11:37  Probe  
  149  11:39  Probe  
  129  11:41  Probe x3  
  130  11:47  High Templar x8, Zealot x2  
  130  11:49  Probe  
  130  11:51  Probe  
  130  11:53  Probe x2  
  149  11:54  Probe  
  149  11:55  Archon  
  149  11:59  Photon Cannon  
  149  12:00  Photon Cannon  
  149  12:01  Probe  
  145  12:03  Probe  
  145  12:05  Probe x2  
  145  12:06  Probe  
  145  12:12  Fleet Beacon  
  145  12:13  Probe  
  145  12:14  High Templar x2  
  150  12:15  Probe  
  150  12:17  Probe x2  
  150  12:18  Archon, Probe  
  147  12:26  Stalker x6  
  147  12:28  Probe x2  
  147  12:29  Probe  
  150  12:35  Stalker x2  
  126  12:37  Probe x2  
  126  12:40  Probe x2  
  126  12:41  Probe  
  100  12:49  Probe x2  
  102  12:52  Probe x2  
  102  12:54  High Templar x2  
  108  12:59  Zealot x3  
  108  13:03  Assimilator  
  111  13:07  High Templar x2  
  111  13:10  Probe x4  
  118  13:13  Shield Battery, Probe  
  118  13:17  High Templar x2  
  123  13:22  Probe x4  
  123  13:25  Probe  
  129  13:34  Probe x4  
  129  13:37  Probe  
  133  13:45  High Templar x2  
  133  13:46  High Templar x2, Zealot x4, Probe  
  148  13:48  Probe x2  
  148  13:49  Probe x2  
  148  13:50  Archon  
  148  13:52  Archon  
  144  13:58  Probe  
  144  14:00  Probe  
  144  14:01  Probe  
  145  14:09  Archon x2  
  105  14:12  Probe x3  
  105  14:13  Probe x2  
  105  14:17  High Templar x4  
  103  14:18  Stalker x5  
  103  14:22  Stalker  
  103  14:23  Archon  
  121  14:24  Archon  
  121  14:25  Probe  
  121  14:26  Probe x3  
  121  14:27  Probe  
  126  14:41  Zealot x5  
  133  14:46  Zealot  
  133  14:52  High Templar x4  
  143  14:56  Archon x2  
  143  14:59  Archon  
  132  15:11  High Templar  
  132  15:12  High Templar x2  

Tags
 
Add a new tag
Caveats
  • Supply blocks, unpowered buildings, or Contaminate may cause inaccurate times.
  • Supply counts are checked every 10 seconds.